 Dungeon Crawl Stone Soup version 0.19.1-1-g22dce08 (webtiles) character file.

191 Kiturien the Sneak (level 5, 0/36 HPs)
             Began as an Octopode Fighter on Jan 17, 2017.
             Slain by a gnoll
             ... wielding a +0 whip
              (3 damage)
             ... on level 4 of the Dungeon.
             The game lasted 00:09:42 (2109 turns).

Kiturien the Sneak (Octopode Fighter)               Turns: 2109, Time: 00:09:43

Health: 0/36       AC:  1    Str: 17    XL:     5   Next: 70%
Magic:  6/6        EV: 12    Int: 10    God:
Gold:   122        SH:  9    Dex: 11    Spells: 0 memorised, 6 levels left

rFire  . . .     SeeInvis .     a - +2 short sword (speed)
rCold  . . .     Gourm    .     v - +0 shield
rNeg   . . .     Faith    .     (helmet restricted)
rPois  .         Spirit   .     x - amulet of harm
rElec  .         Reflect  .     r - +3 ring of slaying
rCorr  .         Harm     +     (no ring)
MR     .....                    (no ring)
Stlth  +++.......               (no ring)
                                (no ring)
                                (no ring)
                                (no ring)
                                (no ring)

@: no status effects
A: almost no armour, stealthy swim, amphibious, 8 rings, constrict 8, camouflage
1, gelatinous body 1
a: no special abilities


You were on level 4 of the Dungeon.
You were not hungry.

You visited 1 branch of the dungeon, and saw 4 of its levels.

You collected 122 gold pieces.

Inventory:

Hand Weapons
 a - a +2 short sword of speed (weapon)
 b - a +0 blowgun
 m - a +0 rapier
 p - a +1 dagger of draining
 t - a +2 quarterstaff of chaos
 u - a +0 mace of protection
 z - a +1 dagger of venom
Missiles
 w - 11 poisoned needles
Armour
 v - a +0 shield (worn)
Jewellery
 r - a +3 ring of slaying (left tentacle)
 s - an uncursed ring of ice
 x - an amulet of harm (around mantle)
Scrolls
 e - a scroll of recharging
 i - a scroll of teleportation
 k - 2 scrolls of amnesia {unknown}
 l - a scroll of fog {unknown}
 o - a scroll of blinking {unknown}
 y - a scroll of identify
 A - 2 scrolls of remove curse {unknown}
 B - a scroll of magic mapping {unknown}
Potions
 c - a potion of might
 f - 2 potions of brilliance
 g - a potion of curing
 j - a potion of cure mutation {unknown}
 n - a potion of ambrosia {unknown}
 q - a potion of cancellation {unknown}
 C - a potion of berserk rage {unknown}
Comestibles
 d - a bread ration
 h - 3 beef jerkies


   Skills:
 * Level 3.6 Fighting
 + Level 3.0 Short Blades
 + Level 3.5 Dodging
 * Level 4.1 Stealth
 + Level 3.4 Shields
 * Level 1.2 Spellcasting


You had 6 spell levels left.
You didn't know any spells.

Dungeon Overview and Level Annotations

Branches:
Dungeon (3/15)

Altars:
Ashenzari
The Shining One


Innate Abilities, Weirdness & Mutations

You cannot wear most types of armour.
You are very stealthy in the water. (Stealth+)
You are amphibious.
You can wear up to eight rings at the same time.
You can use your tentacles to constrict eight enemies at once.
Your skin changes colour to match your surroundings (Stealth+).
Your rubbery body absorbs attacks. (AC +1, EV +1)


Message History

You constrict the gnoll shaman. You block the gnoll's attack.
The gnoll shaman hits you with a club.
You puncture the gnoll shaman!
You kill the gnoll shaman!
Your Stealth skill increases to level 4!
The gnoll misses you.
You closely miss the gnoll. Your grab misses the gnoll. The gnoll hits you.
You block the gnoll's attack.
Your shield prevents you from hitting the gnoll.
You grab the gnoll.
You constrict the gnoll, but do no damage.
The gnoll closely misses you. You block the gnoll's attack.
The gnoll hits you with a whip!
* * * LOW HITPOINT WARNING * * *
You puncture the gnoll! You grab the gnoll. You squeeze the gnoll.
You kill the gnoll!
Your Short Blades skill increases to level 3!
You constrict the gnoll. The gnoll barely misses you.
The gnoll hits you with a whip.
You die...

##.........
........!. ...
..........
##..###.........
##.... ..........
......##.........
.$....#.†)g......
.........@g......
.......).........
................#
............$..##
..............##
..............##.
.................
..............##.
............#.#


You could see 2 gnolls.

Vanquished Creatures
  A gnoll shaman (D:4)
  Crazy Yiuf (D:2)
  Ijyb (D:3)
  3 gnolls (D:4)
  2 adders
  2 dart slugs (D:2)
  5 leopard geckos
  An orc (D:3)
  3 bats
  5 giant cockroaches
  9 hobgoblins
  2 jackals (D:1)
  3 frilled lizards
  6 goblins
  5 kobolds
  3 rats
52 creatures vanquished.

Notes
Turn   | Place    | Note
-------+----------+-------------------------------------------
     0 | D:1      | Kiturien the Octopode Fighter began the quest for the Orb.
     0 | D:1      | Reached XP level 1. HP: 16/16 MP: 1/1
   408 | D:1      | Reached XP level 2. HP: 21/21 MP: 2/2
   756 | D:1      | You fall through a shaft!
   814 | D:2      | Reached XP level 3. HP: 26/26 MP: 3/3
   936 | D:2      | Reached skill level 1 in Stealth
  1248 | D:2      | Reached skill level 2 in Stealth
  1389 | D:2      | Reached XP level 4. HP: 31/31 MP: 5/5
  1445 | D:2      | Found a runed door.
  1449 | D:2      | Noticed Crazy Yiuf
  1456 | D:2      | Killed Crazy Yiuf
  1614 | D:3      | Found a shattered altar of Ashenzari.
  1768 | D:3      | Reached skill level 1 in Spellcasting
  1862 | D:3      | Reached skill level 3 in Stealth
  1878 | D:3      | Noticed Ijyb
  1890 | D:3      | Killed Ijyb
  1890 | D:3      | Reached XP level 5. HP: 26/36 MP: 6/6
  2045 | D:3      | Found a glowing golden altar of the Shining One.
  2089 | D:3      | You fall through a shaft!
  2106 | D:4      | Reached skill level 4 in Stealth
  2109 | D:4      | Slain by a gnoll

Skill      XL: |  1  2  3  4  5 |
---------------+----------------+-----
Stealth        | 2 3 4 |  4.1
Spellcasting   | 1 |  1.2
Short Blades   | 3 |  3.0
Fighting       | |  3.6
Dodging        | |  3.5
Shields        | |  3.4

Action                   |  1- 3 |  4- 6 || total
-------------------------+-------+-------++-------
Melee: Rapier            |    14 |       ||    14
       Tentacles         |    12 |    10 ||    22
       Constrict         |    16 |     9 ||    25
       Short sword       |    41 |    40 ||    81
  Use: Scroll            |     4 |       ||     4
 Stab: Sleeping          |    10 |     1 ||    11
  Eat: Bread ration      |     1 |       ||     1
Armor: Skin              |     2 |       ||     2
Dodge: Dodged            |    22 |    13 ||    35
Block: Shield            |    13 |    10 ||    23
